2972 views
Uploaded 2019-12-01 21:22:17
Game version 1.32.0.3 / 1.32.0.3.1
23:46 long 4on4 ladder game on (8)Feralas_LV
Saved by BEARAND
2972 views
Uploaded 2019-12-01 21:22:17
Game version 1.32.0.3 / 1.32.0.3.1
23:46 long 4on4 ladder game on (8)Feralas_LV


84 units @ 6.4k
/ 0.2k
284 buildings @ 21k
/ 10.9k



| Scroll of Regeneration | 1 | 100 |
| Staff of Sanctuary | 2 | 500 |
| Orb of Fire | 2 | 650 |
| Staff of Teleportation | 3 | 450 |
| Boots of Speed | 2 | 500 |
| total: | 10 | 2200g |
| Peasant | 18 | 1350 | / | 0 |
| total: | 18 | 1350g | / | 0w |
| Scout Tower | 119 | 3570 | / | 2380 |
| Arcane Tower | 8 | 560 | / | 400 |
| Guard Tower | 41 | 2870 | / | 2050 |
| Altar of Kings | 1 | 180 | / | 50 |
| Lumber Mill | 1 | 120 | / | 0 |
| Farm | 5 | 400 | / | 100 |
| Town Hall | 1 | 385 | / | 205 |
| Arcane Vault | 5 | 650 | / | 150 |
| Arcane Sanctum | 1 | 150 | / | 140 |
| Keep | 1 | 320 | / | 210 |
| Castle | 1 | 360 | / | 210 |
| total: | 133 | 5455g | / | 3025w |
| 0:01 | Peasant |
| 0:07 | Altar of Kings |
| 0:08 | Peasant |
| 0:21 | Lumber Mill |
| 0:22 | Peasant |
| 0:40 | Farm |
| 0:42 | Peasant |
| 0:51 | Peasant |
| 1:09 | Peasant |
| 1:17 | Scout Tower |
| 1:23 | Scout Tower |
| 1:25 | Scout Tower |
| 1:27 | Scout Tower |
| 1:28 | Peasant |
| 1:38 | Scout Tower |
| 1:45 | Scout Tower |
| 1:49 | Arcane Tower |
| 1:51 | Peasant |
| 1:57 | Farm |
| 2:10 | Blizzard |
| 2:21 | Arcane Tower |
| 2:21 | Guard Tower |
| 2:30 | Guard Tower |
| 2:32 | Scout Tower |
| 2:43 | Peasant |
| 2:45 | Guard Tower |
| 2:55 | Scout Tower |
| 2:57 | Scout Tower |
| 3:07 | Guard Tower |
| 3:10 | Scout Tower |
| 3:11 | Scout Tower |
| 3:12 | Scout Tower |
| 3:54 | Guard Tower |
| 4:04 | Brilliance Aura |
| 4:06 | Scout Tower |
| 4:06 | Scout Tower |
| 4:07 | Scout Tower |
| 4:07 | Scout Tower |
| 4:09 | Peasant |
| 4:11 | Peasant |
| 4:13 | Improved Masonry |
| 4:14 | Guard Tower |
| 4:17 | Scout Tower |
| 4:23 | Guard Tower |
| 4:36 | Guard Tower |
| 5:22 | Town Hall |
| 5:25 | Scout Tower |
| 5:26 | Scout Tower |
| 5:31 | Guard Tower |
| 5:41 | Scout Tower |
| 5:42 | Scout Tower |
| 6:08 | Blizzard |
| 6:12 | Guard Tower |
| 6:13 | Scout Tower |
| 6:14 | Scout Tower |
| 6:28 | Staff of Teleportation |
| 7:10 | Scout Tower |
| 7:10 | Scout Tower |
| 7:11 | Scout Tower |
| 7:11 | Guard Tower |
| 7:13 | Peasant |
| 7:18 | Scout Tower |
| 7:19 | Scout Tower |
| 7:19 | Guard Tower |
| 7:23 | Scout Tower |
| 7:24 | Scout Tower |
| 7:24 | Scout Tower |
| 7:35 | Keep |
| 7:38 | Arcane Vault |
| 7:39 | Guard Tower |
| 7:41 | Scout Tower |
| 7:41 | Scout Tower |
| 7:57 | Guard Tower |
| 8:17 | Guard Tower |
| 8:20 | Guard Tower |
| 8:21 | Scout Tower |
| 8:22 | Scout Tower |
| 8:22 | Scout Tower |
| 8:23 | Scout Tower |
| 8:23 | Scout Tower |
| 8:24 | Scout Tower |
| 9:02 | Guard Tower |
| 9:04 | Scout Tower |
| 9:05 | Scout Tower |
| 9:05 | Scout Tower |
| 9:07 | Scout Tower |
| 9:07 | Scout Tower |
| 9:12 | Peasant |
| 9:12 | Peasant |
| 9:20 | Scout Tower |
| 9:21 | Scout Tower |
| 9:21 | Scout Tower |
| 9:22 | Scout Tower |
| 9:23 | Guard Tower |
| 9:25 | Scout Tower |
| 9:25 | Scout Tower |
| 9:26 | Scout Tower |
| 9:26 | Scout Tower |
| 9:26 | Scout Tower |
| 9:27 | Scout Tower |
| 9:46 | Guard Tower |
| 9:48 | Scout Tower |
| 9:49 | Scout Tower |
| 9:50 | Scout Tower |
| 9:57 | Guard Tower |
| 9:58 | Scout Tower |
| 10:00 | Peasant |
| 10:00 | Peasant |
| 10:02 | Peasant |
| 10:02 | Peasant |
| 11:01 | Guard Tower |
| 11:36 | Guard Tower |
| 11:43 | Farm |
| 11:43 | Farm |
| 11:44 | Farm |
| 11:48 | Scroll of Regeneration |
| 11:52 | Castle |
| 11:54 | Guard Tower |
| 12:01 | Improved Lumber Harvesting |
| 12:12 | Scout Tower |
| 12:30 | Storm Bolt |
| 12:36 | Arcane Vault |
| 12:40 | Scout Tower |
| 12:41 | Scout Tower |
| 12:42 | Scout Tower |
| 12:42 | Scout Tower |
| 12:43 | Scout Tower |
| 12:44 | Scout Tower |
| 12:53 | Scout Tower |
| 12:54 | Scout Tower |
| 12:54 | Scout Tower |
| 12:56 | Scout Tower |
| 13:10 | Guard Tower |
| 13:22 | Arcane Vault |
| 13:23 | Scout Tower |
| 13:24 | Scout Tower |
| 13:25 | Scout Tower |
| 13:26 | Scout Tower |
| 13:29 | Arcane Sanctum |
| 13:40 | Advanced Masonry |
| 13:50 | Scout Tower |
| 13:51 | Scout Tower |
| 13:51 | Scout Tower |
| 13:52 | Scout Tower |
| 14:05 | Scout Tower |
| 14:07 | Scout Tower |
| 14:07 | Scout Tower |
| 14:17 | Advanced Lumber Harvesting |
| 14:20 | Staff of Sanctuary |
| 14:21 | Staff of Sanctuary |
| 15:01 | Magic Sentry |
| 15:02 | Guard Tower |
| 15:15 | Holy Light |
| 15:23 | Guard Tower |
| 15:24 | Guard Tower |
| 15:38 | Brilliance Aura |
| 15:46 | Scout Tower |
| 15:46 | Scout Tower |
| 15:47 | Scout Tower |
| 15:47 | Scout Tower |
| 15:48 | Scout Tower |
| 15:49 | Scout Tower |
| 15:50 | Scout Tower |
| 15:51 | Scout Tower |
| 15:52 | Guard Tower |
| 15:55 | Imbued Masonry |
| 15:57 | Staff of Teleportation |
| 15:58 | Boots of Speed |
| 17:47 | Guard Tower |
| 17:54 | Arcane Tower |
| 17:54 | Arcane Tower |
| 18:35 | Arcane Tower |
| 18:45 | Arcane Tower |
| 19:13 | Divine Shield |
| 19:34 | Staff of Teleportation |
| 19:35 | Boots of Speed |
| 19:50 | Orb of Fire |
| 19:53 | Orb of Fire |
| 20:04 | Scout Tower |
| 20:05 | Scout Tower |
| 20:05 | Scout Tower |
| 20:06 | Scout Tower |
| 20:15 | Bash |
| 20:48 | Scout Tower |
| 20:48 | Scout Tower |
| 20:49 | Scout Tower |
| 21:00 | Arcane Tower |
| 21:43 | Scout Tower |
| 21:49 | Scout Tower |
| 21:50 | Scout Tower |
| 22:18 | Guard Tower |
| 22:20 | Scout Tower |
| 22:21 | Scout Tower |
| 22:22 | Scout Tower |
| 23:06 | Guard Tower |
| 23:08 | Scout Tower |
| 23:08 | Scout Tower |
| 23:09 | Scout Tower |
| 23:25 | Holy Light |
| 23:38 | Guard Tower |
| 23:40 | Scout Tower |
| 23:41 | Scout Tower |
| 23:42 | Scout Tower |
| 23:44 | Scout Tower |
| 23:45 | Scout Tower |
| 23:47 | Guard Tower |
| 23:52 | Scout Tower |
| 23:53 | Scout Tower |
| 23:54 | Scout Tower |
| 23:54 | Scout Tower |
| 23:56 | Scout Tower |
| 23:57 | Scout Tower |
| 24:01 | Scout Tower |
| 24:02 | Scout Tower |
| 24:03 | Scout Tower |
| 24:07 | Arcane Vault |
| 24:28 | Arcane Vault |
| 24:32 | Scout Tower |
| Right click | 1341 |
| Select | 708 |
| Assign group | 313 |
| Build/train/purchase | 266 |
| Select group | 201 |
| Use ability | 56 |
| Misc. action | 8 |
| Minimap ping | 7 |
| Item give/drop | 3 |



x1)
| Staff of Sanctuary | 3 | 750 |
| Boots of Speed | 3 | 750 |
| Staff of Teleportation | 1 | 150 |
| Tome of Retraining | 1 | 300 |
| Orb of Lightning | 2 | 750 |
| total: | 10 | 2700g |
| Peasant | 17 | 1275 | / | 0 |
| Priest | 2 | 270 | / | 20 |
| Sorceress | 1 | 155 | / | 20 |
| total: | 20 | 1700g | / | 40w |
| Scout Tower | 57 | 1710 | / | 1140 |
| Arcane Tower | 8 | 560 | / | 400 |
| Guard Tower | 33 | 2310 | / | 1650 |
| Altar of Kings | 2 | 360 | / | 100 |
| Farm | 5 | 400 | / | 100 |
| Lumber Mill | 1 | 120 | / | 0 |
| Town Hall | 1 | 385 | / | 205 |
| Arcane Vault | 3 | 390 | / | 90 |
| Blacksmith | 1 | 140 | / | 60 |
| Barracks | 1 | 160 | / | 60 |
| Arcane Sanctum | 1 | 150 | / | 140 |
| Gryphon Aviary | 1 | 140 | / | 150 |
| Workshop | 4 | 560 | / | 560 |
| Keep | 2 | 640 | / | 420 |
| Castle | 1 | 360 | / | 210 |
| total: | 77 | 4515g | / | 2605w |
| 0:02 | Peasant |
| 0:02 | Peasant |
| 0:10 | Altar of Kings |
| 0:11 | Altar of Kings |
| 0:18 | Farm |
| 0:27 | Peasant |
| 0:39 | Farm |
| 0:43 | Lumber Mill |
| 0:47 | Peasant |
| 0:56 | Peasant |
| 1:18 | Peasant |
| 1:27 | Scout Tower |
| 1:30 | Peasant |
| 1:38 | Peasant |
| 1:43 | Peasant |
| 1:46 | Scout Tower |
| 1:48 | Scout Tower |
| 1:54 | Scout Tower |
| 1:55 | Arcane Tower |
| 1:56 | Peasant |
| 2:00 | Scout Tower |
| 2:10 | Peasant |
| 2:11 | Summon Water Elemental |
| 2:23 | Guard Tower |
| 2:32 | Guard Tower |
| 2:34 | Scout Tower |
| 2:36 | Peasant |
| 2:36 | Peasant |
| 2:56 | Guard Tower |
| 3:10 | Peasant |
| 3:10 | Peasant |
| 3:18 | Scout Tower |
| 3:18 | Guard Tower |
| 3:26 | Scout Tower |
| 4:01 | Keep |
| 4:13 | Farm |
| 4:17 | Scout Tower |
| 4:18 | Scout Tower |
| 4:19 | Scout Tower |
| 4:31 | Town Hall |
| 4:35 | Scout Tower |
| 4:36 | Scout Tower |
| 4:37 | Scout Tower |
| 4:47 | Brilliance Aura |
| 4:54 | Improved Masonry |
| 5:14 | Guard Tower |
| 5:19 | Guard Tower |
| 5:43 | Farm |
| 6:04 | Guard Tower |
| 6:07 | Scout Tower |
| 6:07 | Scout Tower |
| 6:08 | Scout Tower |
| 6:09 | Scout Tower |
| 6:09 | Scout Tower |
| 6:09 | Scout Tower |
| 6:11 | Boots of Speed |
| 6:19 | Summon Water Elemental |
| 7:21 | Guard Tower |
| 7:21 | Guard Tower |
| 7:25 | Peasant |
| 7:25 | Peasant |
| 7:43 | Guard Tower |
| 7:49 | Castle |
| 8:03 | Storm Bolt |
| 8:09 | Guard Tower |
| 9:02 | Advanced Masonry |
| 9:03 | Improved Lumber Harvesting |
| 9:03 | Advanced Lumber Harvesting |
| 9:09 | Arcane Sanctum |
| 9:12 | Arcane Vault |
| 9:13 | Arcane Vault |
| 9:15 | Arcane Vault |
| 9:29 | Scout Tower |
| 9:29 | Scout Tower |
| 9:30 | Scout Tower |
| 9:30 | Scout Tower |
| 9:31 | Scout Tower |
| 9:31 | Scout Tower |
| 9:32 | Scout Tower |
| 9:35 | Scout Tower |
| 9:35 | Scout Tower |
| 9:38 | Scout Tower |
| 9:38 | Scout Tower |
| 9:39 | Scout Tower |
| 9:40 | Scout Tower |
| 9:40 | Scout Tower |
| 9:40 | Scout Tower |
| 9:41 | Scout Tower |
| 9:41 | Scout Tower |
| 9:42 | Scout Tower |
| 9:42 | Scout Tower |
| 9:42 | Scout Tower |
| 9:43 | Scout Tower |
| 9:43 | Scout Tower |
| 10:27 | Magic Sentry |
| 10:28 | Priest |
| 10:28 | Priest |
| 10:30 | Priest Adept Training |
| 10:31 | Sorceress |
| 10:31 | Sorceress Adept Training |
| 10:34 | Brilliance Aura |
| 10:42 | Guard Tower |
| 10:50 | Scout Tower |
| 10:51 | Scout Tower |
| 10:51 | Scout Tower |
| 10:52 | Scout Tower |
| 10:52 | Scout Tower |
| 10:53 | Scout Tower |
| 10:54 | Scout Tower |
| 10:54 | Scout Tower |
| 10:58 | Bash |
| 11:25 | Staff of Sanctuary |
| 11:35 | Holy Light |
| 12:23 | Scout Tower |
| 12:23 | Scout Tower |
| 12:24 | Scout Tower |
| 12:24 | Scout Tower |
| 12:28 | Guard Tower |
| 12:28 | Guard Tower |
| 12:32 | Staff of Teleportation |
| 12:36 | Guard Tower |
| 12:59 | Boots of Speed |
| 13:06 | Staff of Sanctuary |
| 13:13 | Tome of Retraining |
| 13:13 | Retrain Hero |
| 13:15 | Blizzard |
| 13:15 | Brilliance Aura |
| 13:15 | Blizzard |
| 13:15 | Brilliance Aura |
| 13:19 | Arcane Tower |
| 13:20 | Guard Tower |
| 13:22 | Arcane Tower |
| 13:28 | Arcane Tower |
| 13:28 | Guard Tower |
| 13:41 | Scout Tower |
| 13:43 | Scout Tower |
| 13:46 | Scout Tower |
| 13:51 | Guard Tower |
| 13:56 | Arcane Tower |
| 14:05 | Staff of Sanctuary |
| 14:10 | Guard Tower |
| 14:14 | Orb of Lightning |
| 14:14 | Orb of Lightning |
| 14:29 | Guard Tower |
| 14:34 | Guard Tower |
| 14:36 | Guard Tower |
| 14:49 | Arcane Tower |
| 15:13 | Gryphon Aviary |
| 15:14 | Blacksmith |
| 15:16 | Barracks |
| 18:23 | Guard Tower |
| 18:55 | Storm Bolt |
| 19:49 | Divine Shield |
| 19:52 | Animal War Training |
| 19:53 | Imbued Masonry |
| 20:02 | Boots of Speed |
| 20:51 | Workshop |
| 20:53 | Workshop |
| 20:57 | Workshop |
| 21:25 | Farm |
| 21:29 | Workshop |
| 22:34 | Fragmentation Shards |
| 22:35 | Flare |
| 22:40 | Blizzard |
| Right click | 1728 |
| Chat | 477 |
| Select | 475 |
| Select group | 377 |
| Build/train/purchase | 256 |
| Use ability | 69 |
| Assign group | 34 |
| Minimap ping | 14 |
| Item give/drop | 5 |
| Misc. action | 4 |
| Remove unit | 1 |



| Orb of Venom | 2 | 650 |
| Lesser Clarity Potion | 1 | 70 |
| Staff of Teleportation | 2 | 300 |
| Boots of Speed | 2 | 500 |
| Periapt of Vitality | 2 | 650 |
| Circlet of Nobility | 1 | 175 |
| Staff of Sanctuary | 2 | 500 |
| total: | 12 | 2845g |
| Wisp | 24 | 1440 | / | 0 |
| total: | 24 | 1440g | / | 0w |
| Altar of Elders | 1 | 180 | / | 50 |
| Moon Well | 18 | 3240 | / | 720 |
| Hunter's Hall | 1 | 210 | / | 100 |
| Ancient of Wonders | 1 | 90 | / | 30 |
| Tree of Life | 2 | 680 | / | 370 |
| Tree of Ages | 1 | 320 | / | 180 |
| Tree of Eternity | 1 | 330 | / | 200 |
| total: | 23 | 4400g | / | 1270w |
| 0:05 | Wisp |
| 0:05 | Wisp |
| 0:12 | Wisp |
| 0:15 | Altar of Elders |
| 0:21 | Moon Well |
| 0:25 | Wisp |
| 0:40 | Wisp |
| 0:40 | Wisp |
| 1:00 | Wisp |
| 1:14 | Wisp |
| 1:14 | Wisp |
| 1:27 | Wisp |
| 1:27 | Wisp |
| 1:45 | Moon Well |
| 1:58 | Wisp |
| 1:58 | Wisp |
| 2:13 | Shadow Strike |
| 2:18 | Wisp |
| 2:19 | Wisp |
| 3:10 | Wisp |
| 3:11 | Wisp |
| 3:55 | Wisp |
| 3:55 | Wisp |
| 4:10 | Staff of Teleportation |
| 4:11 | Boots of Speed |
| 4:16 | Tree of Ages |
| 4:53 | Moon Well |
| 5:12 | Moon Well |
| 5:33 | Hunter's Hall |
| 6:37 | Tree of Eternity |
| 6:48 | Ultravision |
| 6:55 | Ancient of Wonders |
| 7:38 | Blink |
| 8:40 | Entangling Roots |
| 9:09 | Tree of Life |
| 9:14 | Orb of Venom |
| 9:22 | Well Spring |
| 9:27 | Moon Well |
| 11:17 | Staff of Teleportation |
| 11:17 | Boots of Speed |
| 11:24 | Shadow Strike |
| 11:29 | Thorns Aura |
| 12:05 | Moon Well |
| 12:11 | Moon Well |
| 12:12 | Moon Well |
| 12:13 | Moon Well |
| 12:14 | Moon Well |
| 12:16 | Lesser Clarity Potion |
| 12:39 | Periapt of Vitality |
| 12:52 | Wisp |
| 12:52 | Wisp |
| 12:52 | Wisp |
| 12:52 | Wisp |
| 12:52 | Wisp |
| 13:17 | Moon Well |
| 13:32 | Orb of Venom |
| 14:27 | Moon Well |
| 14:28 | Moon Well |
| 14:40 | Staff of Sanctuary |
| 14:46 | Moon Well |
| 14:47 | Moon Well |
| 14:52 | Moon Well |
| 14:53 | Moon Well |
| 14:55 | Moon Well |
| 16:24 | Entangling Roots |
| 19:29 | Blink |
| 19:52 | Periapt of Vitality |
| 19:57 | Circlet of Nobility |
| 20:12 | Staff of Sanctuary |
| 20:57 | Tree of Life |
| 22:46 | Nature's Blessing |
| 22:59 | Force of Nature |
| 23:20 | Breath of Fire |
| Right click | 1699 |
| Select group | 878 |
| Build/train/purchase | 197 |
| Select | 178 |
| Resource trade | 99 |
| Use ability | 89 |
| Chat | 55 |
| Misc. action | 29 |
| Minimap ping | 14 |
| Assign group | 8 |
| Item give/drop | 7 |
| Esc | 3 |



| Healing Salve | 1 | 100 |
| Lesser Clarity Potion | 1 | 70 |
| Orb of Lightning | 1 | 375 |
| Boots of Speed | 3 | 750 |
| Staff of Teleportation | 3 | 450 |
| Circlet of Nobility | 1 | 175 |
| Staff of Sanctuary | 2 | 500 |
| Orb of Fire | 1 | 325 |
| total: | 13 | 2745g |
| Peon | 19 | 1425 | / | 0 |
| Troll Batrider | 3 | 480 | / | 120 |
| total: | 22 | 1905g | / | 120w |
| Watch Tower | 39 | 4290 | / | 3120 |
| Altar of Storms | 1 | 180 | / | 50 |
| Orc Burrow | 3 | 480 | / | 120 |
| War Mill | 1 | 205 | / | 0 |
| Voodoo Lounge | 3 | 390 | / | 90 |
| Great Hall | 2 | 770 | / | 370 |
| Beastiary | 2 | 290 | / | 280 |
| Stronghold | 1 | 315 | / | 190 |
| Fortress | 1 | 325 | / | 190 |
| total: | 51 | 6605g | / | 4030w |
| 0:02 | Peon |
| 0:02 | Peon |
| 0:05 | Altar of Storms |
| 0:18 | Orc Burrow |
| 0:23 | Peon |
| 0:36 | Peon |
| 0:53 | War Mill |
| 0:55 | Peon |
| 1:09 | Voodoo Lounge |
| 1:13 | Peon |
| 1:20 | Peon |
| 1:30 | Peon |
| 1:46 | Orc Burrow |
| 1:57 | Peon |
| 2:13 | Watch Tower |
| 2:18 | Shockwave |
| 2:23 | Peon |
| 2:27 | Watch Tower |
| 2:37 | Peon |
| 2:43 | Peon |
| 2:43 | Peon |
| 2:55 | Healing Salve |
| 2:59 | Lesser Clarity Potion |
| 3:17 | Watch Tower |
| 3:49 | Watch Tower |
| 3:53 | Endurance Aura |
| 4:39 | Great Hall |
| 4:42 | Peon |
| 4:42 | Peon |
| 4:47 | Watch Tower |
| 4:59 | Stronghold |
| 5:09 | Boots of Speed |
| 5:33 | Watch Tower |
| 5:50 | Staff of Teleportation |
| 5:57 | Watch Tower |
| 6:12 | Watch Tower |
| 6:19 | Shockwave |
| 6:52 | Watch Tower |
| 7:01 | Watch Tower |
| 7:12 | Peon |
| 7:12 | Peon |
| 7:12 | Peon |
| 7:12 | Peon |
| 7:21 | Watch Tower |
| 7:41 | Spiked Barricades |
| 7:42 | Reinforced Defenses |
| 8:24 | Hex |
| 8:28 | Watch Tower |
| 8:31 | Watch Tower |
| 8:36 | Watch Tower |
| 8:37 | Fortress |
| 9:14 | Beastiary |
| 9:15 | Beastiary |
| 9:32 | Watch Tower |
| 9:35 | Watch Tower |
| 9:38 | Boots of Speed |
| 9:38 | Staff of Teleportation |
| 9:44 | Watch Tower |
| 10:28 | Orc Burrow |
| 10:40 | Watch Tower |
| 10:42 | Watch Tower |
| 10:54 | Endurance Aura |
| 10:55 | Healing Wave |
| 10:59 | Watch Tower |
| 11:09 | Frost Arrows |
| 11:52 | Watch Tower |
| 11:53 | Watch Tower |
| 12:01 | Liquid Fire |
| 12:09 | Watch Tower |
| 12:14 | Voodoo Lounge |
| 12:41 | Boots of Speed |
| 12:42 | Circlet of Nobility |
| 12:53 | Watch Tower |
| 13:15 | Watch Tower |
| 13:16 | Watch Tower |
| 13:37 | Staff of Teleportation |
| 13:44 | Staff of Sanctuary |
| 13:58 | Orb of Lightning |
| 14:15 | Orb of Fire |
| 14:19 | Watch Tower |
| 14:22 | Watch Tower |
| 14:26 | Watch Tower |
| 14:40 | Voodoo Lounge |
| 15:03 | Troll Batrider |
| 15:04 | Troll Batrider |
| 15:04 | Troll Batrider |
| 15:09 | Improved Spiked Barricades |
| 15:09 | Steel Armor |
| 17:36 | Forked Lightning |
| 17:42 | Watch Tower |
| 17:44 | Watch Tower |
| 18:03 | Great Hall |
| 18:24 | Thorium Armor |
| 19:13 | Watch Tower |
| 19:14 | Watch Tower |
| 19:28 | Healing Wave |
| 19:50 | Arcanite Armor |
| 20:27 | Watch Tower |
| 22:00 | Watch Tower |
| 22:08 | Watch Tower |
| 22:17 | Shockwave |
| 22:27 | Frost Arrows |
| 22:50 | Watch Tower |
| 23:21 | Staff of Sanctuary |
| 23:36 | Steel Ranged Weapons |
| 23:41 | Watch Tower |
| 23:54 | Watch Tower |
| Right click | 1509 |
| Select | 441 |
| Select group | 389 |
| Misc. action | 169 |
| Use ability | 71 |
| Build/train/purchase | 70 |
| Chat | 54 |
| Item give/drop | 7 |
| Assign group | 4 |
| Esc | 2 |
| Remove unit | 1 |
126 units @ 21.9k
/ 2.9k
97 buildings @ 10.6k
/ 4.5k

| Peasant | 5 | 375 | / | 0 |
| Rifleman | 7 | 1435 | / | 210 |
| Footman | 4 | 540 | / | 0 |
| Knight | 5 | 1225 | / | 300 |
| Dragonhawk Rider | 2 | 400 | / | 60 |
| Gryphon Rider | 20 | 5600 | / | 1400 |
| total: | 43 | 9575g | / | 1970w |
| Scout Tower | 2 | 60 | / | 40 |
| Arcane Tower | 2 | 140 | / | 100 |
| Blacksmith | 1 | 140 | / | 60 |
| Farm | 11 | 880 | / | 220 |
| Barracks | 2 | 320 | / | 120 |
| Altar of Kings | 1 | 180 | / | 50 |
| Lumber Mill | 1 | 120 | / | 0 |
| Arcane Vault | 1 | 130 | / | 30 |
| Gryphon Aviary | 1 | 140 | / | 150 |
| Keep | 1 | 320 | / | 210 |
| Castle | 1 | 360 | / | 210 |
| total: | 20 | 1970g | / | 670w |
| 0:04 | Peasant |
| 0:04 | Peasant |
| 0:11 | Blacksmith |
| 0:16 | Farm |
| 0:20 | Barracks |
| 0:26 | Barracks |
| 1:02 | Altar of Kings |
| 1:35 | Rifleman |
| 1:40 | Peasant |
| 2:23 | Farm |
| 2:28 | Peasant |
| 2:29 | Peasant |
| 3:15 | Rifleman |
| 3:15 | Rifleman |
| 3:19 | Holy Light |
| 3:31 | Lumber Mill |
| 5:08 | Farm |
| 5:44 | Devotion Aura |
| 5:50 | Footman |
| 5:50 | Footman |
| 5:51 | Rifleman |
| 5:51 | Rifleman |
| 5:56 | Farm |
| 6:00 | Scout Tower |
| 6:04 | Iron Forged Swords |
| 6:05 | Black Gunpowder |
| 6:06 | Keep |
| 6:37 | Arcane Tower |
| 6:50 | Defend |
| 7:34 | Scout Tower |
| 8:26 | Arcane Tower |
| 8:32 | Gryphon Aviary |
| 8:33 | Castle |
| 9:01 | Farm |
| 9:03 | Farm |
| 9:11 | Long Rifles |
| 10:20 | Rifleman |
| 10:20 | Rifleman |
| 10:21 | Footman |
| 10:21 | Footman |
| 10:35 | Arcane Vault |
| 11:47 | Knight |
| 11:47 | Knight |
| 11:48 | Knight |
| 11:48 | Knight |
| 12:02 | Farm |
| 12:05 | Farm |
| 13:24 | Cloud |
| 13:25 | Dragonhawk Rider |
| 13:25 | Dragonhawk Rider |
| 13:25 | Gryphon Rider |
| 13:25 | Gryphon Rider |
| 13:41 | Knight |
| 13:47 | Farm |
| 13:53 | Farm |
| 15:03 | Gryphon Rider |
| 15:03 | Gryphon Rider |
| 15:37 | Farm |
| 16:06 | Gryphon Rider |
| 16:07 | Gryphon Rider |
| 16:07 | Gryphon Rider |
| 16:07 | Gryphon Rider |
| 16:07 | Gryphon Rider |
| 17:57 | Storm Hammers |
| 17:58 | Gryphon Rider |
| 18:44 | Gryphon Rider |
| 18:44 | Gryphon Rider |
| 18:44 | Gryphon Rider |
| 19:33 | Gryphon Rider |
| 19:33 | Gryphon Rider |
| 19:39 | Gryphon Rider |
| 19:39 | Gryphon Rider |
| 19:39 | Gryphon Rider |
| 19:39 | Gryphon Rider |
| 19:39 | Gryphon Rider |
| Right click | 470 |
| Select | 206 |
| Build/train/purchase | 57 |
| Chat | 37 |
| Use ability | 12 |
| Remove unit | 3 |
| Minimap ping | 2 |


| Healing Salve | 1 | 100 |
| total: | 1 | 100g |
| Peon | 7 | 525 | / | 0 |
| Grunt | 20 | 4000 | / | 0 |
| Troll Headhunter | 4 | 560 | / | 80 |
| total: | 31 | 5085g | / | 80w |
| Watch Tower | 4 | 440 | / | 320 |
| Altar of Storms | 1 | 180 | / | 50 |
| Barracks | 2 | 360 | / | 100 |
| Orc Burrow | 6 | 960 | / | 240 |
| War Mill | 1 | 205 | / | 0 |
| Voodoo Lounge | 1 | 130 | / | 30 |
| Great Hall | 1 | 385 | / | 185 |
| Beastiary | 1 | 145 | / | 140 |
| Spirit Lodge | 1 | 150 | / | 150 |
| Stronghold | 1 | 315 | / | 190 |
| Fortress | 1 | 325 | / | 190 |
| total: | 18 | 2955g | / | 1215w |
| 0:23 | Peon |
| 0:24 | Peon |
| 0:25 | Peon |
| 0:27 | Peon |
| 0:48 | Altar of Storms |
| 1:16 | Barracks |
| 1:26 | Peon |
| 1:26 | Peon |
| 1:36 | Pillage |
| 1:52 | Orc Burrow |
| 2:23 | Orc Burrow |
| 2:47 | War Mill |
| 3:08 | Orc Burrow |
| 3:43 | Grunt |
| 3:52 | Peon |
| 4:13 | Watch Tower |
| 4:23 | Wind Walk |
| 4:53 | Grunt |
| 5:00 | Steel Melee Weapons |
| 5:01 | Spiked Barricades |
| 5:41 | Watch Tower |
| 5:53 | Stronghold |
| 6:09 | Voodoo Lounge |
| 7:37 | Orc Burrow |
| 7:43 | Grunt |
| 7:44 | Grunt |
| 7:50 | Steel Armor |
| 7:51 | Steel Ranged Weapons |
| 8:00 | Healing Salve |
| 8:58 | Watch Tower |
| 9:08 | Berserker Strength |
| 9:22 | Barracks |
| 9:25 | Fortress |
| 10:05 | Critical Strike |
| 10:19 | Troll Headhunter |
| 10:20 | Troll Headhunter |
| 10:28 | Reinforced Defenses |
| 10:32 | Thorium Melee Weapons |
| 10:37 | Healing Wave |
| 11:09 | Beastiary |
| 14:10 | Great Hall |
| 14:38 | Orc Burrow |
| 16:22 | Orc Burrow |
| 16:26 | Grunt |
| 16:26 | Grunt |
| 17:34 | Watch Tower |
| 17:38 | Improved Spiked Barricades |
| 17:42 | Grunt |
| 17:43 | Grunt |
| 17:43 | Grunt |
| 17:43 | Grunt |
| 17:43 | Grunt |
| 17:43 | Grunt |
| 17:43 | Grunt |
| 17:44 | Grunt |
| 20:22 | Spirit Lodge |
| 20:49 | Grunt |
| 20:49 | Grunt |
| 20:49 | Grunt |
| 20:49 | Grunt |
| 20:49 | Grunt |
| 20:49 | Grunt |
| 21:07 | Troll Headhunter |
| 21:07 | Troll Headhunter |
| Right click | 369 |
| Select | 146 |
| Build/train/purchase | 57 |
| Use ability | 17 |
| Chat | 14 |
| Misc. action | 6 |
| Item give/drop | 1 |
| Esc | 1 |


x1)
| Scroll of Regeneration | 1 | 100 |
| Staff of Sanctuary | 1 | 250 |
| Orb of Fire | 1 | 325 |
| Scroll of Town Portal | 1 | 350 |
| Tome of Retraining | 1 | 300 |
| Potion of Lesser Invulnerability | 1 | 150 |
| total: | 6 | 1475g |
| Peasant | 13 | 975 | / | 0 |
| Footman | 5 | 675 | / | 0 |
| Gryphon Rider | 4 | 1120 | / | 280 |
| Knight | 1 | 245 | / | 60 |
| Spell Breaker | 2 | 430 | / | 60 |
| Priest | 1 | 135 | / | 10 |
| total: | 26 | 3580g | / | 410w |
| Scout Tower | 6 | 180 | / | 120 |
| Arcane Tower | 2 | 140 | / | 100 |
| Guard Tower | 3 | 210 | / | 150 |
| Farm | 9 | 720 | / | 180 |
| Altar of Kings | 2 | 360 | / | 100 |
| Barracks | 1 | 160 | / | 60 |
| Lumber Mill | 2 | 240 | / | 0 |
| Arcane Vault | 1 | 130 | / | 30 |
| Town Hall | 1 | 385 | / | 205 |
| Blacksmith | 2 | 280 | / | 120 |
| Gryphon Aviary | 2 | 280 | / | 300 |
| Arcane Sanctum | 3 | 450 | / | 420 |
| Keep | 2 | 640 | / | 420 |
| Castle | 1 | 360 | / | 210 |
| total: | 29 | 3185g | / | 1535w |
| 0:03 | Peasant |
| 0:03 | Peasant |
| 0:10 | Farm |
| 0:12 | Altar of Kings |
| 0:19 | Altar of Kings |
| 0:23 | Barracks |
| 0:27 | Peasant |
| 0:36 | Farm |
| 0:43 | Peasant |
| 1:03 | Peasant |
| 1:17 | Peasant |
| 1:24 | Footman |
| 1:29 | Peasant |
| 1:36 | Scout Tower |
| 1:40 | Footman |
| 1:47 | Farm |
| 1:52 | Peasant |
| 2:02 | Arcane Tower |
| 2:18 | Footman |
| 2:22 | Summon Water Elemental |
| 2:30 | Peasant |
| 2:36 | Footman |
| 2:42 | Peasant |
| 2:59 | Peasant |
| 3:06 | Peasant |
| 3:19 | Brilliance Aura |
| 3:31 | Keep |
| 3:35 | Lumber Mill |
| 4:12 | Arcane Vault |
| 4:40 | Scout Tower |
| 4:42 | Scout Tower |
| 4:51 | Farm |
| 4:55 | Farm |
| 6:09 | Footman |
| 6:33 | Guard Tower |
| 7:15 | Town Hall |
| 7:23 | Blacksmith |
| 7:28 | Castle |
| 7:29 | Scroll of Regeneration |
| 7:34 | Summon Water Elemental |
| 7:38 | Scout Tower |
| 7:39 | Scout Tower |
| 7:40 | Scout Tower |
| 7:55 | Gryphon Aviary |
| 7:58 | Arcane Sanctum |
| 8:08 | Guard Tower |
| 8:31 | Improved Lumber Harvesting |
| 8:35 | Lumber Mill |
| 8:49 | Guard Tower |
| 8:51 | Flame Strike |
| 9:04 | Arcane Sanctum |
| 9:06 | Arcane Sanctum |
| 9:43 | Arcane Tower |
| 9:59 | Siphon Mana |
| 10:04 | Gryphon Rider |
| 10:06 | Gryphon Aviary |
| 10:37 | Gryphon Rider |
| 10:42 | Knight |
| 11:04 | Scroll of Town Portal |
| 11:06 | Staff of Sanctuary |
| 11:06 | Orb of Fire |
| 11:10 | Peasant |
| 11:20 | Gryphon Rider |
| 11:30 | Tome of Retraining |
| 11:30 | Retrain Hero |
| 11:30 | Potion of Lesser Invulnerability |
| 11:32 | Blizzard |
| 11:32 | Blizzard |
| 11:33 | Brilliance Aura |
| 11:57 | Spell Breaker |
| 12:53 | Spell Breaker |
| 12:55 | Gryphon Rider |
| 13:30 | Priest |
| 13:31 | Priest Adept Training |
| 13:32 | Farm |
| 13:33 | Farm |
| 13:35 | Farm |
| 13:36 | Farm |
| 13:38 | Storm Hammers |
| 13:40 | Animal War Training |
| 14:13 | Iron Forged Swords |
| 14:15 | Blacksmith |
| Select group | 762 |
| Right click | 643 |
| Select | 243 |
| Misc. action | 131 |
| Build/train/purchase | 77 |
| Assign group | 69 |
| Use ability | 16 |
| Minimap ping | 11 |
| Item give/drop | 8 |
| Esc | 1 |


| Scroll of Regeneration | 2 | 200 |
| Lesser Clarity Potion | 1 | 70 |
| total: | 3 | 270g |
| Peasant | 11 | 825 | / | 0 |
| Rifleman | 11 | 2255 | / | 330 |
| Sorceress | 4 | 620 | / | 80 |
| total: | 26 | 3700g | / | 410w |
| Scout Tower | 11 | 330 | / | 220 |
| Arcane Tower | 2 | 140 | / | 100 |
| Guard Tower | 17 | 1190 | / | 850 |
| Barracks | 2 | 320 | / | 120 |
| Altar of Kings | 1 | 180 | / | 50 |
| Farm | 10 | 800 | / | 200 |
| Lumber Mill | 1 | 120 | / | 0 |
| Blacksmith | 1 | 140 | / | 60 |
| Arcane Vault | 1 | 130 | / | 30 |
| Arcane Sanctum | 1 | 150 | / | 140 |
| Workshop | 1 | 140 | / | 140 |
| Gryphon Aviary | 1 | 140 | / | 150 |
| Keep | 1 | 320 | / | 210 |
| Castle | 1 | 360 | / | 210 |
| total: | 30 | 2450g | / | 1110w |
| 0:08 | Peasant |
| 0:12 | Barracks |
| 0:14 | Altar of Kings |
| 0:18 | Barracks |
| 0:21 | Farm |
| 0:25 | Peasant |
| 0:44 | Peasant |
| 0:53 | Peasant |
| 1:04 | Farm |
| 1:16 | Peasant |
| 1:21 | Lumber Mill |
| 1:33 | Peasant |
| 1:51 | Peasant |
| 1:56 | Blacksmith |
| 2:01 | Peasant |
| 2:06 | Scout Tower |
| 2:15 | Peasant |
| 2:23 | Thunder Clap |
| 2:33 | Farm |
| 2:36 | Arcane Tower |
| 2:40 | Peasant |
| 2:47 | Scout Tower |
| 3:04 | Peasant |
| 3:08 | Rifleman |
| 3:22 | Farm |
| 3:24 | Guard Tower |
| 3:24 | Guard Tower |
| 3:26 | Scout Tower |
| 3:28 | Scout Tower |
| 3:39 | Rifleman |
| 3:40 | Rifleman |
| 3:54 | Guard Tower |
| 3:54 | Guard Tower |
| 3:57 | Scout Tower |
| 4:21 | Rifleman |
| 4:24 | Guard Tower |
| 4:30 | Farm |
| 4:32 | Scout Tower |
| 4:49 | Rifleman |
| 5:08 | Rifleman |
| 5:18 | Farm |
| 5:42 | Rifleman |
| 5:50 | Storm Bolt |
| 6:12 | Keep |
| 6:14 | Guard Tower |
| 6:36 | Rifleman |
| 6:38 | Black Gunpowder |
| 6:38 | Refined Gunpowder |
| 6:56 | Arcane Vault |
| 7:04 | Thunder Clap |
| 7:15 | Rifleman |
| 7:18 | Farm |
| 7:32 | Studded Leather Armor |
| 7:32 | Reinforced Leather Armor |
| 7:55 | Farm |
| 8:51 | Long Rifles |
| 8:56 | Arcane Sanctum |
| 9:08 | Imbued Gunpowder |
| 9:15 | Farm |
| 9:17 | Scroll of Regeneration |
| 9:46 | Improved Lumber Harvesting |
| 9:59 | Holy Light |
| 10:07 | Scroll of Regeneration |
| 10:08 | Lesser Clarity Potion |
| 10:17 | Dragonhide Armor |
| 10:19 | Sorceress Adept Training |
| 10:19 | Sorceress |
| 10:19 | Sorceress |
| 10:21 | Farm |
| 11:57 | Storm Bolt |
| 12:00 | Sorceress |
| 12:08 | Rifleman |
| 12:08 | Rifleman |
| 12:22 | Sorceress |
| 13:14 | Scout Tower |
| 13:15 | Scout Tower |
| 13:42 | Guard Tower |
| 13:42 | Guard Tower |
| 13:43 | Scout Tower |
| 13:45 | Scout Tower |
| 13:48 | Castle |
| 13:50 | Improved Masonry |
| 14:13 | Guard Tower |
| 14:15 | Guard Tower |
| 14:34 | Workshop |
| 15:28 | Scout Tower |
| 17:19 | Guard Tower |
| 18:22 | Sorceress Master Training |
| 18:28 | Gryphon Aviary |
| Right click | 984 |
| Select | 327 |
| Select group | 208 |
| Build/train/purchase | 91 |
| Misc. action | 16 |
| Assign group | 15 |
| Use ability | 15 |
| Chat | 14 |
| Item give/drop | 3 |
| Minimap ping | 3 |
⇛